 Dungeon Crawl Stone Soup version 0.28.0 (webtiles) character file.

Game seed: 9078906401895635704

3562 Sanktem7 the Geomancer (level 10, -2/52 HPs)
             Began as a Gargoyle Earth Elementalist on Feb 16, 2022.
             Was an Initiate of Sif Muna.
             Slain by a two-headed ogre (13 damage)
             ... on level 7 of the Dungeon.
             The game lasted 00:27:48 (9666 turns).

Sanktem7 the Geomancer (GrEE)                       Turns: 9666, Time: 00:27:48

Health: -2/52      AC: 17    Str: 13    XL:     10   Next: 9%
Magic:  16/22      EV: 13    Int: 19    God:    Sif Muna [......]
Gold:   274        SH:  5    Dex: 14    Spells: 17/25 levels left

rFire   . . .      SeeInvis +   v - +8 rapier of the Hungering Viper {flame, Stlth+}
rCold   . . .      Faith    .   (no shield)
rNeg    + . .      Spirit   .   k - +2 robe "Lajuclupn" {Dex+4}
rPois   ∞          Reflect  +   (no helmet)
rElec   +          Harm     .   (no cloak)
rCorr   .          Rampage  .   b - +1 pair of gloves
Will    .....                   (no boots)
Stlth   +++.......              r - amulet of reflection
HPRegen 0.17/turn               e - +4 ring of protection
MPRegen 0.18/turn               y - ring of see invisible

@: no status effects
A: sickness immunity, AC +7, negative energy resistance 1, electricity
resistance, torment resistance 1, petrification resistance, talons 1
a: Renounce Religion


You were on level 7 of the Dungeon.
You worshipped Sif Muna.
Sif Muna was noncommittal.
You visited 2 branches of the dungeon, and saw 9 of its levels.

You collected 274 gold pieces.

Inventory:

Hand Weapons
 v - the +8 rapier of the Hungering Viper (weapon) {flame, Stlth+}
   (You found it on level 6 of the Dungeon)

   It burns those it strikes, dealing additional fire damage.
   Stlth:     It makes you more stealthy.
Missiles
 p - 108 stones
Armour
 b - a +1 pair of gloves (worn)
 c - an orb of guile
 k - the +2 robe "Lajuclupn" (worn) {Dex+4}
   (You found it on level 2 of the Dungeon)

   Dex:       It affects your dexterity (+4).
Jewellery
 e - a +4 ring of protection (left hand)
 r - an amulet of reflection (around neck)
 x - a +6 ring of strength
 y - a ring of see invisible (right hand)
Wands
 l - a wand of acid (7)
 q - a wand of iceblast (11)
Scrolls
 a - 4 scrolls of teleportation
 f - a scroll of fog
 g - 2 scrolls of amnesia
 n - a scroll of acquirement {unknown}
 o - a scroll of identify
 w - a scroll of brand weapon
Potions
 d - a potion of magic
 h - a potion of ambrosia
 i - 3 potions of curing
 m - a potion of haste {unknown}
 s - a potion of lignification {unknown}
 t - a potion of might {unknown}
 u - 3 potions of heal wounds {unknown}


   Skills:
 - Level 1.4 Fighting
 + Level 0.8 Short Blades
 - Level 1.6 Axes
 + Level 3.0 Dodging
 + Level 3.8 Stealth
 - Level 0.1 Shields
 + Level 0.1 Unarmed Combat
 * Level 8.3 Spellcasting
 + Level 5.9 Conjurations
 + Level 0.9 Transmutations
 * Level 10.2 Earth Magic


You had 17 spell levels left.
You knew the following spells:

 Your Spells              Type           Power      Damage    Failure   Level
a - Magic Dart            Conj           100%       1d8       1%          1
b - Stone Arrow           Conj/Erth      76%        3d11      1%          3
c - Petrify               Tmut/Erth      29%        N/A       9%          4

Your spell library contained the following spells:

 Spells                   Type           Power      Damage    Failure   Level
 Sandblast                Erth           92%        2d19      1%          1
 Passwall                 Tmut/Erth      24%        N/A       1%          2
 Mephitic Cloud           Conj/Pois/Air  15%        N/A       12%         3
 Call Imp                 Summ           7%         N/A       14%         2
 Irradiate                Conj/Tmut      10%        3d16      52%         5
 Sublimation of Blood     Necr           Unusable   N/A       N/A         2

Dungeon Overview and Level Annotations

Branches:
Dungeon (8/15)             Temple (1/1) D:7
   Lair: D:8-11

Altars:
Ashenzari
Cheibriados
Dithmenos
Elyvilon
Fedhas
Gozag
Hepliaklqana
Kikubaaqudgha
Makhleb
Nemelex Xobeh
Okawaru
Qazlal
Ru
Sif Muna
Trog
Uskayaw
Wu Jian
Xom
Yredelemnul
Zin
The Shining One


Innate Abilities, Weirdness & Mutations

You are immune to sickness and miasma.
Your stone body is resilient. (AC +7)
You are immune to poison.
You resist negative energy. (rN+)
You are resistant to electric shocks. (rElec)
You are resistant to unholy torment.
You are immune to petrification.
You have sharp toenails.


Message History

You kill the killer bee!
Sif Muna accepts your kill.
You start resting.
Magic restored.
You start resting.
HP restored.
You climb downwards.
The killer bee misses you.
The killer bee stings you but does no damage.
The two-headed ogre hits you with a +0 giant club.
You block the two-headed ogre's attack.
The killer bee stings you but does no damage.
There is a stone staircase leading up here.
The killer bee barely misses you.
The two-headed ogre hits you with a +0 giant club!!
The two-headed ogre hits you but does no damage.
The killer bee barely misses you.
You climb upwards.
There is a stone staircase leading down here.
Casting: Stone Arrow (safe; 1% risk of failure)
Confirm with . or Enter, or press ? or * to list all spells.
Aiming: Stone Arrow (safe; 1% risk of failure)
Press: ? - help, Shift-Dir - straight line, f - two-headed ogre
Aim: a two-headed ogre, wielding a +0 giant club and a +0 giant spiked club (88% to hit)
The stone arrow hits the two-headed ogre!!
The two-headed ogre is moderately wounded.
The killer bee stings you but does no damage.
The two-headed ogre barely misses you. You block the two-headed ogre's attack.
The killer bee barely misses you.
Casting: Stone Arrow (safe; 1% risk of failure)
Confirm with . or Enter, or press ? or * to list all spells.
Aiming: Stone Arrow (safe; 1% risk of failure)
Press: ? - help, Shift-Dir - straight line, f/p - two-headed ogre
Aim: a two-headed ogre, wielding a +0 giant club and a +0 giant spiked club (moderately wounded, 88% to hit)
The stone arrow hits the two-headed ogre!
The two-headed ogre is heavily wounded.
You block the killer bee's attack.
The two-headed ogre hits you with a +0 giant club!
* * * LOW HITPOINT WARNING * * *
The two-headed ogre hits you with a +0 giant spiked club!
You die...

##..##.....#^....#
##........#####.#
#.........# #.#
#.#####...## #.#
#.# #....####.# #.#
#......##.# ##.#
######.#..#
##..##########..O##
....#.(.....###.@##
#.#.#.......# #y..#
..#.........# ##..#
.####.......# #..#
## #..>....# ##..#
#####.#########[..#
......# #.....#
#############..####
##..........#


You could see a two-headed ogre and a killer bee.

Vanquished Creatures
  A two-headed ogre (D:6)
  2 centaur zombies
  Maggie (D:7)
  A steam dragon (D:7)
  A water moccasin (D:7)
  An orc warrior (D:7)
  2 black bears
  An ice beast (D:6)
  3 ogres
  2 necrophages (D:4)
  A centaur (D:6)
  A kobold brigand (D:5)
  A gnoll sergeant (D:6)
  A scorpion (D:6)
  2 water moccasin skeletons
  3 killer bees
  A bullfrog zombie (D:7)
  5 hounds
  A jelly (D:6)
  2 orc priests (D:6)
  2 centaur skeletons
  Jessica (D:3)
  4 orc wizards
  3 iguanas
  A hound zombie (D:5)
  4 gnolls (D:4)
  A howler monkey skeleton (D:6)
  6 adders
  A shadow imp (D:5)
  A white imp (D:6)
  A worm (D:5)
  3 dart slugs (D:2)
  17 orcs
  6 bats
  3 endoplasms
  2 giant cockroaches (D:3)
  5 goblins
  5 hobgoblins
  6 jackals
  18 kobolds
  2 quokkas
  6 ball pythons
  2 frilled lizards (D:2)
  7 rats
140 creatures vanquished.

Vanquished Creatures (others)
  A kobold brigand (D:7)
1 creature vanquished.

Grand Total: 141 creatures vanquished

Notes
Turn   | Place    | Note
-------+----------+-------------------------------------------
     0 | D:1      | Sanktem7 the Gargoyle Earth Elementalist began the quest
                  | for the Orb.
     0 | D:1      | Reached XP level 1. HP: 10/10 MP: 3/3
   215 | D:1      | Reached skill level 4 in Earth Magic
   314 | D:1      | Reached XP level 2. HP: 15/15 MP: 3/5
   911 | D:2      | Reached XP level 3. HP: 13/19 MP: 4/6
  1237 | D:2      | Learned a level 3 spell: Stone Arrow
  1330 | D:2      | Reached skill level 5 in Earth Magic
  1350 | D:2      | Identified the +2 robe "Lajuclupn" {Dex+4}
  1568 | D:3      | Reached XP level 4. HP: 24/24 MP: 1/8
  2320 | D:3      | Learned a level 4 spell: Petrify
  2547 | D:3      | Found a shimmering blue altar of Sif Muna.
  2663 | D:3      | Noticed Jessica
  2692 | D:3      | Killed Jessica
  3403 | D:4      | Reached XP level 5. HP: 28/28 MP: 5/9
  3484 | D:4      | Reached skill level 1 in Axes
  3682 | D:4      | Gained mutation: You tend to lose your temper in combat.
                  | [potion of mutation]
  3682 | D:4      | Lost mutation: You tend to lose your temper in combat.
                  | [potion of mutation]
  3682 | D:4      | Gained mutation: You have sharp toenails. [potion of
                  | mutation]
  3748 | D:4      | Noticed an ogre
  3753 | D:4      | Killed an ogre
  3754 | D:4      | Reached skill level 1 in Fighting
  3754 | D:4      | Reached XP level 6. HP: 34/34 MP: 0/10
  4020 | D:4      | Noticed a necrophage
  4023 | D:4      | Killed a necrophage
  4024 | D:4      | Reached skill level 1 in Conjurations
  4024 | D:4      | Reached skill level 6 in Earth Magic
  4219 | D:4      | Reached XP level 7. HP: 38/38 MP: 0/12
  4551 | D:4      | Found a basalt altar of Yredelemnul.
  4573 | D:5      | Entered Level 5 of the Dungeon
  5228 | D:5      | Reached skill level 7 in Earth Magic
  5376 | D:5      | Found a sparkling altar of Nemelex Xobeh.
  5653 | D:5      | Reached XP level 8. HP: 43/43 MP: 8/15
  5812 | D:5      | Reached skill level 5 in Spellcasting
  6208 | D:6      | Reached skill level 8 in Earth Magic
  6695 | D:6      | Learned a level 1 spell: Magic Dart
  6803 | D:6      | Identified the +8 rapier of the Hungering Viper {flame,
                  | Stlth+}
  6938 | D:6      | Found a snail-covered altar of Cheibriados.
  6940 | D:6      | Found a sacrificial altar of Ru.
  7092 | D:6      | Noticed a two-headed ogre
  7098 | D:6      | Killed a two-headed ogre
  7099 | D:6      | Reached skill level 9 in Earth Magic
  7099 | D:6      | Reached XP level 9. HP: 32/47 MP: 5/19
  7679 | D:7      | Noticed Maggie
  7687 | D:7      | Killed Maggie
  7688 | D:7      | Reached skill level 5 in Conjurations
  7950 | D:7      | Found a staircase to the Ecumenical Temple.
  7965 | D:7      | Reached skill level 10 in Earth Magic
  7967 | Temple   | Entered the Ecumenical Temple
  8219 | D:3      | Became a worshipper of Sif Muna the Loreminder
  8857 | D:7      | Reached XP level 10. HP: 52/52 MP: 8/21
  9439 | D:8      | Noticed a two-headed ogre
  9666 | D:7      | Slain by a two-headed ogre

Illustrated notes

Levels and vault maps discovered:
D:1:      lightli_arrival_isolated_outpost, layout_basic
D:2:      layout_rooms
D:3:      layout_basic, lemuel_blue_sif_altar, uniq_jessica
D:4:      layout_rooms, lemuel_coloured_pillars_altar
D:5:      layout_cave_pods, kennysheep_mini, kennysheep_doodads
D:6:      minmay_diamond_boxcup, layout_loops_ring,
          chequers_temple_overflow_statue_of_worship
D:7:      black_bear_nest_1, layout_rooms, minmay_temple_entry_large_hall,
          uniq_maggie
D:8:      layout_basic, mainiacjoe_overflow_brackets,
          minmay_misc_feat_diagonals, uniq_maurice
Temple:   nicolae_temple_x_marks_the_god

Skill      XL: |  1  2  3  4  5  6  7  8  9 10 |
---------------+-------------------------------+-----
Earth Magic    | 4 5 6 7 9 10 | 10.2
Spellcasting   | 3 4 6 7 8 |  8.3
Axes           | 1 |  1.6
Fighting       | 1 |  1.4
Dodging        | 2 3 |  3.0
Conjurations   | 1 2 4 5 |  5.9
Stealth        | 3 |  3.8
Short Blades   | |  0.8
Shields        | |  0.1
Unarmed Combat | |  0.1
Transmutations | |  0.9

Action                   |  1- 3 |  4- 6 |  7- 9 | 10-12 || total
-------------------------+-------+-------+-------+-------++-------
Melee: Unarmed           |    17 |    22 |       |       ||    39
       Hand axe          |       |    53 |    26 |       ||    79
       Punch             |       |     4 |       |       ||     4
       Kick              |       |       |     9 |     3 ||    12
       Rapier            |       |       |    12 |    11 ||    23
 Cast: Sandblast         |    39 |     1 |     3 |       ||    43
       Stone Arrow       |     2 |    37 |    99 |    10 ||   148
       Petrify           |       |     1 |       |       ||     1
       Magic Dart        |       |       |     9 |       ||     9
  Use: Scroll            |       |     7 |     2 |     1 ||    10
       Potion            |       |     2 |       |       ||     2
 Stab: Petrified         |       |     5 |       |       ||     5
       Sleeping          |       |     1 |       |       ||     1
Armor: Robe              |     9 |    42 |    37 |    24 ||   112
Dodge: Dodged            |    20 |    63 |    28 |    35 ||   146
Block: Tower shield      |       |     4 |       |       ||     4
       Other             |       |       |     8 |    15 ||    23
       Reflection        |       |       |     2 |       ||     2
